 Dungeon Crawl Stone Soup version 0.27.1-2-g3b301248ec (webtiles) character file.

Game seed: 17644625663481709781

60 DoubleLucky the Caller (level 4, -8/26 HPs)
             Began as a Tengu Summoner on Sept 26, 2021.
             Killed from afar by a white imp (11 damage)
             ... with a puff of frost
             ... on level 3 of the Dungeon.
             The game lasted 00:07:23 (2675 turns).

DoubleLucky the Caller (Tengu Summoner)             Turns: 2675, Time: 00:07:24

Health: -8/26      AC:  3    Str: 10    XL:     4   Next: 4%
Magic:  5/8        EV: 12    Int: 15    God:
Gold:   119        SH:  0    Dex: 14    Spells: 6/7 levels left

rFire    . . .     SeeInvis .   f - +2 dagger (freeze)
rCold    . . .     Faith    .   (no shield)
rNeg     . . .     Spirit   .   a - +0 robe
rPois    .         Reflect  .   (helmet restricted)
rElec    .         Harm     .   e - +0 cloak
rCorr    .         Rampage  .   (no gloves)
Will     .....                  (boots unavailable)
Stlth    ++........             (no amulet)
HPRegen  0.08/turn              (no ring)
MPRegen  0.11/turn              (no ring)

@: no status effects
A: beak, talons 3
a: no special abilities


You were on level 3 of the Dungeon.
You visited 1 branch of the dungeon, and saw 3 of its levels.

You collected 119 gold pieces.

Inventory:

Hand Weapons
 f - a +2 dagger of freezing (weapon)
 n - a +0 vorpal trident
Armour
 a - a +0 robe (worn)
 e - a +0 cloak (worn)
Scrolls
 d - a scroll of teleportation {unknown}
 g - a scroll of blinking {unknown}
 h - a scroll of amnesia {unknown}
 i - a scroll of enchant armour {unknown}
Potions
 b - a potion of magic
 c - 2 potions of might
 k - a potion of curing {unknown}
 m - a potion of cancellation {unknown}


   Skills:
 + Level 1.8 Fighting
 + Level 2.1 Polearms
 - Level 2.1 Dodging
 - Level 2.0 Stealth
 - Level 2.0 Spellcasting
 + Level 5.4 Summonings


You had 6 spell levels left.
You knew the following spells:

 Your Spells              Type           Power      Damage    Failure   Level
a - Summon Small Mammal   Summ           68%        N/A       2%          1

Your spell library contained the following spells:

 Spells                   Type           Power      Damage    Failure   Level
 Call Imp                 Summ           17%        N/A       3%          2
 Call Canine Familiar     Summ           17%        N/A       7%          3
 Summon Guardian Golem    Hex/Summ       9%         N/A       22%         3
 Summon Lightning Spire   Summ/Air       9%         N/A       58%         4


Dungeon Overview and Level Annotations

Branches:
Dungeon (3/15)

Altars:

Annotations:
D:2 1 runed translucent door, Crazy Yiuf


Innate Abilities, Weirdness & Mutations

You have a beak for a mouth.
You have claws for feet.


Message History

Your bat closely misses the kobold.
The white imp hits your bat.
Your bat dies!
Your bat's corpse disappears in a puff of smoke!
The kobold hits you with a +0 short sword.
Your quokka bites the kobold but does no damage.
Your bat closely misses the orc.
You hit the kobold. You freeze the kobold.
You kill the kobold!
The orc closely misses your quokka.
The white imp hits you but does no damage.
Your bat closely misses the white imp.
Your quokka barely misses the white imp.
The orc barely misses your quokka.
You hit the white imp but do no damage.
Your bat hits the white imp but does no damage.
Your quokka barely misses the white imp.
Your bat closely misses the white imp.
The orc hits your quokka with a +0 short sword.
Your quokka bites the white imp but does no damage.
You hit the white imp but do no damage. You claw the white imp.
The white imp is lightly wounded.
Your bat barely misses the white imp.
The white imp gestures at you. The puff of frost hits you!
The orc misses your quokka.
Your quokka barely misses the white imp.
You completely miss the white imp. Your kick misses the white imp.
The white imp is lightly wounded.
Your bat hits the white imp but does no damage. x2
The white imp gestures at you. The puff of frost hits you.
* * * LOW HITPOINT WARNING * * *
Your bat misses the white imp. The orc barely misses your quokka.
Your quokka barely misses the white imp.
You hit the white imp. Your kick misses the white imp.
The white imp is moderately wounded.
Your bat hits the white imp but does no damage.
The white imp shouts, "Slither home, thou impertinent beak-witted boar-pig!"
The white imp gestures at you. The puff of frost hits you!
You die...

......... ......... ....
......... #..# .#######.
#..# .# #..# .#######.
#..# ......... #..#
##################)o####.#
................@5rb.....#
##################..######
####


You could see a white imp (ally target), an orc, a friendly quokka (summoned)
and a friendly bat (summoned).

Vanquished Creatures
  An adder (D:2)
  2 giant cockroaches (D:1)
  A goblin (D:1)
  2 jackals
  2 kobolds
  2 quokkas
  A frilled lizard (D:1)
11 creatures vanquished.

Vanquished Creatures (collateral kills)
  2 orc priests (D:3)
  A dart slug (D:3)
  An orc (D:3)
  5 endoplasms
  2 hobgoblins
  2 jackals
  A kobold (D:2)
  2 quokkas
  2 ball pythons
  3 rats (D:2)
21 creatures vanquished.

Grand Total: 32 creatures vanquished

Notes
Turn   | Place    | Note
-------+----------+-------------------------------------------
     0 | D:1      | DoubleLucky the Tengu Summoner began the quest for the Orb.
     0 | D:1      | Reached XP level 1. HP: 10/10 MP: 4/4
   434 | D:1      | Found a faded altar of an unknown god.
   595 | D:1      | Reached skill level 5 in Summonings
   595 | D:1      | Reached XP level 2. HP: 16/16 MP: 1/6
   647 | D:1      | Reached skill level 1 in Polearms
  1231 | D:2      | Reached skill level 1 in Fighting
  1599 | D:2      | Found a runed translucent door.
  1600 | D:2      | Noticed Crazy Yiuf
  1947 | D:3      | Reached XP level 3. HP: 6/20 MP: 2/7
  2557 | D:3      | Reached XP level 4. HP: 26/26 MP: 1/8
  2675 | D:3      | Killed from afar by a white imp

Illustrated notes

Levels and vault maps discovered:
D:1:      scummos_arrival_forest, layout_basic,
          hellmonk_ecumenical_altar_lost_god
D:2:      layout_rooms, serial_park_tiny_pond, uniq_crazy_yiuf_cottage
D:3:      layout_basic, minmay_goblin_kobold_house

Skill      XL: |  1  2  3 |
---------------+----------+-----
Summonings     | 5 |  5.4
Polearms       | 1 2 |  2.1
Fighting       | 1 |  1.8
Dodging        | |  2.1
Stealth        | |  2.0
Spellcasting   | |  2.0

Action                   |  1- 3 |  4- 6 || total
-------------------------+-------+-------++-------
Melee: Hand axe          |    11 |       ||    11
       Dagger            |    21 |     6 ||    27
       Kick              |     3 |     1 ||     4
       Peck              |     2 |       ||     2
 Cast: Summon Small Mamm |    55 |     4 ||    59
  Use: Scroll            |     3 |       ||     3
 Stab: Distracted        |     1 |       ||     1
Armor: Robe              |    13 |     2 ||    15
Dodge: Dodged            |    24 |       ||    24
